 Dungeon Crawl Stone Soup version 0.15.0-12-gccce430 (console) character file.

1292 gw the Cudgeler (level 8, -6/76 HPs)
             Began as a Gargoyle Berserker on Sept 1, 2014.
             Was a Priest of Trog.
             Mangled by gw's ghost (18 damage)
             ... on Level 6 of the Dungeon.
             The game lasted 00:03:57 (7531 turns).

gw the Cudgeler (Gargoyle Berserker)                Turns: 7531, Time: 00:03:57

HP  -6/76        AC 21     Str 26      XL: 8   Next: 56%
MP   8/8         EV 10     Int  8      God: Trog [***...]
Gold 0           SH  0     Dex 11      Spells:  0 memorised,  7 levels left

rFire  . . .     SeeInvis .     i - +1 flail
rCold  . . .     Clarity  .     f - +0 plate armour
rNeg   + . .     rCorr    .     (no shield)
rPois  +         rRot     +     (no helmet)
rElec  +         Spirit   .     d - +0 cloak
SustAb .         Warding  .     m - +0 pair of gloves
rMut   .         Stasis   .     q - +0 pair of boots
Gourm  .                        (no amulet)
MR     ++...                    (no ring)
                                k - +3 ring of evasion

@: berserking, regenerating, very quick, very resistant to hostile enchantments,
extremely unstealthy
A: negative energy resistance 1, electricity resistance, unbreathing,
petrification resistance, rot immunity, AC +5
a: Burn Spellbooks, Berserk, Trog's Hand, Renounce Religion


You were on level 6 of the Dungeon.
You worshipped Trog.
Trog was most pleased with you.
You were not hungry.

You visited 1 branch of the dungeon, and saw 6 of its levels.

Inventory:

Hand weapons
 i - a +1 flail (weapon)
Missiles
 a - 12 tomahawks
 e - 183 stones (quivered)
 p - 6 javelins of penetration
 s - 8 poisoned tomahawks
 t - 6 javelins
Armour
 d - a +0 cloak (worn)
 f - a +0 plate armour (worn)
 l - a +0 scale mail
 m - a +0 pair of gloves (worn)
 q - a +0 pair of boots (worn)
Comestibles
 c - 3 bread rations
 n - 2 meat rations
 u - 3 fruits
Scrolls
 h - 6 scrolls of remove curse
 j - 6 scrolls of identify
Jewellery
 k - a +3 ring of evasion (left hand)
Potions
 b - 3 potions of heal wounds
 g - a potion of curing


   Skills:
 + Level 6.1 Fighting
 * Level 6.8 Maces & Flails
 + Level 4.2 Throwing
 + Level 5.4 Armour
 - Level 1.5 Dodging


You had 7 spell levels left.
You didn't know any spells.

Dungeon Overview and Level Annotations

Branches:
Dungeon (6/15)
 Temple: D:4-7

Altars:
Makhleb
Qazlal
Vehumet
The Shining One

Shops:
D:5 [

Annotations:
D:6 gw's ghost, experienced OgBe


Innate Abilities, Weirdness & Mutations

You are resistant to torment.
You are immune to poison.
Your stone body is very resilient (AC +5).
You resist negative energy.
You are resistant to electric shocks.
You can survive without breathing.
You are immune to petrification.
You are immune to rotting.


Message History

Your ogre hits the adder with a giant spiked club!!
The adder dies!
Trog accepts your collateral kill.
The orc wizard hits you but does no damage.
The orc barely misses you.
The orc priest hits you but does no damage.
The orc hits you but does no damage. Gw's ghost hits you but does no damage.
ATTACKING (-1,-1)
You sock gw's ghost!
Gw's ghost is severely damaged.
The orc wizard hits you but does no damage.
Your ogre hits the orc with a giant spiked club.
The orc closely misses you. The orc hits you with a flail.
The orc priest closely misses you.
ATTACKING (-1,-1)
You closely miss gw's ghost.
Gw's ghost is severely damaged.
The orc wizard hits you but does no damage.
Gw's ghost hits you!!
You die...

## #####..# ..... .
..##..#####.#... #
#.##(.....#.#....
######.#..............#
.....................>##
##.....##....(.........#
##.#######.###)#oo......
##.### ##.###.Woo.#...#$
#..............o9oo......
....... ........o%O....#.
#.###.####.##...##......
....... ......... .....#
#.###.# #.####.# .#.##
#.###$# ... .. # .......
#.# .. ..###. #.# . ..# .


You could see 2 orc priests, an orc wizard, gw's ghost, 5 orcs and a friendly
ogre (berserk).

Table legend:
 A = Turns spent in this place as a percentage of turns spent in the entire game.
 B = Non-inter-level travel turns spent in this place as a percentage of non-inter-level travel turns spent in the entire game.
 C = Inter-level travel turns spent in this place as a percentage of turns spent in this place.
 D = Turns resting spent in this place as a percentage of non-inter-level travel turns spent in this place.
 E = Turns spent auto-exploring this place as a percentage of non-inter-level travel turns spent in this place.
 F = Non-inter-level travel turns spent in this place divided by the number of levels of this place that you've seen.
                   A       B       C       D       E      F
               +-------+-------+-------+-------+-------+----------------------
         Total | 100.0 | 100.0 |   0.6 |   7.5 |  16.2 | 331.5
       Dungeon | 100.0 | 100.0 |   0.6 |   7.5 |  16.2 | 331.5
               +-------+-------+-------+-------+-------+----------------------

Table legend:
 A = Kills in this place as a percentage of kills in entire the game.
 B = Kills by you in this place as a percentage of kills by you in the entire game.
 C = Kills by friends in this place as a percentage of kills by friends in the entire game.
 D = Other kills in this place as a percentage of other kills in the entire game.
 E = Experience gained in this place as a percentage of experience gained in the entire game.
 F = Experience gained in this place divided by the number of levels of this place that you have seen.
                   A       B       C       D       E      F
               +-------+-------+-------+-------+-------+----------------------
         Total | 100.0 | 100.0 | 100.0 | 100.0 | 100.0 | 307.7
       Dungeon | 100.0 | 100.0 | 100.0 | 100.0 | 100.0 | 307.7
               +-------+-------+-------+-------+-------+----------------------

Vanquished Creatures
  A sky beast (D:5)
  An ice beast (D:5)
  An ogre (D:5)
  A gnoll sergeant (D:5)
  A jelly (D:5)
  2 crimson imps
  2 hounds (D:5)
  A black bear skeleton (D:5)
  3 orc wizards
  3 iguanas
  2 worker ants
  Ijyb (D:2)
  A hound skeleton (D:5)
  12 gnolls
  Natasha (twice) (D:4)
  9 adders
  A giant mite (D:4)
  An inept item mimic (D:2)
  4 worms
  3 giant geckos
  3 oozes
  16 orcs
  18 bats
  4 giant cockroaches
  17 hobgoblins
  3 jackals (D:2)
  5 quokkas
  4 ball pythons
  11 giant newts
  21 goblins
  16 kobolds
  16 rats
186 creatures vanquished.

Vanquished Creatures (collateral kills)
  Purgy (D:4)
  A centaur (D:6)
  An orc wizard (D:4)
  An iguana (D:4)
  An adder (D:6)
  An orc zombie (D:6)
  An orc (D:6)
  A bat (D:4)
8 creatures vanquished.

Vanquished Creatures (others)
  2 ogres (D:6)
  Natasha (D:4)
3 creatures vanquished.

Grand Total: 197 creatures vanquished

Notes
Turn   | Place    | Note
--------------------------------------------------------------
     0 | D:1      | gw, the Gargoyle Berserker, began the quest for the Orb.
     0 | D:1      | Reached XP level 1. HP: 14/14 MP: 1/1
   277 | D:1      | Reached XP level 2. HP: 19/19 MP: 2/2
   673 | D:1      | Reached XP level 3. HP: 14/23 MP: 3/3
  1310 | D:1      | Acquired Trog's second power
  1416 | D:2      | Reached skill level 1 in Throwing
  1456 | D:2      | Found a stormy altar of Qazlal.
  1464 | D:2      | Reached XP level 4. HP: 29/29 MP: 4/4
  1478 | D:2      | Reached skill level 4 in Maces & Flails
  1649 | D:2      | Found a burning altar of Makhleb.
  1933 | D:2      | Reached XP level 5. HP: 26/33 MP: 5/5
  2496 | D:2      | Noticed Ijyb
  2516 | D:2      | Killed Ijyb
  3292 | D:3      | Acquired Trog's third power
  3393 | D:3      | Reached XP level 6. HP: 35/39 MP: 6/6
  4093 | D:4      | Noticed Natasha
  4111 | D:4      | Noticed Purgy
  4142 | D:4      | Found a radiant altar of Vehumet.
  4178 | D:4      | Received a gift from Trog
  4204 | D:4      | Killed Natasha
  4389 | D:4      | Found a glowing golden altar of the Shining One.
  4542 | D:4      | Reached skill level 5 in Maces & Flails
  4564 | D:4      | Noticed Natasha
  4569 | D:4      | Killed Natasha
  4778 | D:4      | Reached XP level 7. HP: 42/44 MP: 7/7
  4810 | D:4      | Noticed Natasha
  4819 | D:4      | Killed Natasha
  4943 | D:4      | Reached skill level 5 in Fighting
  4950 | D:4      | Killed Purgy
  5655 | D:5      | Entered Level 5 of the Dungeon
  5976 | D:5      | Reached skill level 6 in Maces & Flails
  6113 | D:5      | Found Klariek's Antique Armour Shoppe.
  6175 | D:5      | Received a gift from Trog
  6175 | D:5      | Reached XP level 8. HP: 50/50 MP: 8/8
  6268 | D:5      | Reached skill level 5 in Armour
  7474 | D:6      | Noticed gw's ghost (experienced OgBe)
  7531 | D:6      | Mangled by gw's ghost

Action                   |  1- 3 |  4- 6 |  7- 9 || total
-------------------------+-------+-------+-------++-------
Melee: Mace              |    43 |       |       ||    43
       Flail             |    32 |   296 |   222 ||   550
Throw: Stone             |    57 |   207 |    69 ||   333
Invok: Berserk           |     2 |     2 |     6 ||    10
       Trog's Hand       |     1 |     2 |     5 ||     8
       Brothers in Arms  |       |       |     4 ||     4
  Use: Potion            |     3 |     4 |     3 ||    10
       Scroll            |     2 |     8 |     4 ||    14
  Eat: Chunk             |     3 |    14 |    12 ||    29
       Bread ration      |       |       |     1 ||     1

Vault maps used:
D:1:      lightli_iron_boxes, nrook_mini_backslash, serial_park_tiny_1
D:2:      kennysheep_goblin_castle, old_standard_altar, lemuel_crystal_altar,
          minmay_box_of_dots
D:3:      first_bread, minmay_surrounded
D:4:      kennysheep_mini, tso_altar, uniq_natasha, uniq_purgy
D:5:      serial_shops, shop, minivault_11, minivault_1
D:6:      minmay_temple_entry_junction, serial_shops, nicolae_shop_stone,
          uniq_eustachio
